 Dungeon Crawl Stone Soup version 0.29-a0-830-gcb1280458a (webtiles) character file.

Game seed: 16956496595710095664

4 buhh the Insei (level 1, 0/13 HPs)
             Began as an Octopode Transmuter on July 11, 2022.
             Slain by a jackal (1 damage)
             ... on level 1 of the Dungeon.
             The game lasted 00:00:11 (219 turns).

buhh the Insei (Octopode Transmuter)                 Turns: 219, Time: 00:00:12

Health: 0/13       AC:  1    Str:  9    XL:     1   Next: 70%
Magic:  1/3        EV: 13    Int: 15    God:
Gold:   23         SH:  0    Dex: 12    Spells: 3/4 levels left

rFire   . . .      SeeInvis .     - Unarmed
rCold   . . .      Faith    .   (no shield)
rNeg    . . .      Spirit   .   (helmet currently unavailable)
rPois   .          Reflect  .   (no amulet)
rElec   .          Harm     .   (no ring)
rCorr   .          Rampage  .   (no ring)
Will    .....                   (no ring)
Stlth   ++........              (no ring)
HPRegen 0.04/turn               (no ring)
MPRegen 0.08/turn               (no ring)
                                (no ring)
                                (no ring)

@: appendages (expiring), very slightly contaminated
A: tentacle spike 3, almost no armour, amphibious, 8 rings, camouflage 1,
gelatinous body 1, (nimble swimmer 1), tentacles
a: End Transformation


You were on level 1 of the Dungeon.
One of your tentacles had grown a beastly spike.
You visited 1 branch of the dungeon, and saw 1 of its levels.

You collected 23 gold pieces.

Inventory:

Potions
 n - a potion of lignification {!d}


   Skills:
 + Level 1.1 Fighting
 + Level 2.0 Dodging
 * Level 0.9 Stealth
 + Level 3.0 Unarmed Combat
 - Level 2.0 Spellcasting
 - Level 2.0 Transmutations
 * Level 0.5 Poison Magic


You had 3 spell levels left.
You knew the following spells:

 Your Spells              Type           Power      Damage    Failure   Level
a - Beastly Appendage     Tmut           14%        N/A       10%         1

Your spell library contained the following spells:

 Spells                   Type           Power      Damage    Failure   Level
 Wereblood                Tmut           7%         N/A       14%         2
 Spider Form              Tmut/Pois      5%         N/A       36%         3
 Ice Form                 Ice/Tmut       4%         N/A       82%         4


Dungeon Overview and Level Annotations

Branches:
Dungeon (1/15) Zot: 5780

Altars:


Innate Abilities, Weirdness & Mutations

One of your tentacles has grown a beastly spike.
You cannot wear most types of armour.
You are amphibious.
You can wear up to eight rings at the same time.
Your skin changes colour to match your surroundings (Stealth+).
Your rubbery body absorbs attacks. (AC +1, EV +1)
((You are camouflaged when in or above water. (Stealth+)))
You have tentacles for arms and can constrict up to eight enemies at once.


Message History

A jackal comes into view.
You see here a gold piece.
A jackal is nearby!
A jackal is nearby!
A jackal is nearby!
A jackal is nearby!
One of your tentacles grows a vicious spike.
You now have 23 gold pieces (gained 1). 2 jackals come into view.
The jackal barks!
Found a stone staircase leading down.
You miscast Beastly Appendage.
You are very lightly contaminated with residual magic.
Nothing appears to happen.
The jackal barks! x2
The jackal misses you.
You closely miss the jackal. You grab the jackal.
You pierce the jackal.
The jackal is moderately wounded.
You constrict the jackal, but do no damage.
The jackal closely misses you. The jackal bites you.
The jackal closely misses you. The jackal barely misses you.
There are monsters nearby!
You tentacle-slap the jackal but do no damage.
Your squeeze misses the jackal.
The jackal is moderately wounded.
You constrict the jackal. The jackal bites you.
The jackal barely misses you. x2
The jackal bites you. The jackal barely misses you.
You tentacle-slap the jackal but do no damage.
Your squeeze misses the jackal.
The jackal is heavily wounded.
Your transformation is almost over.
You constrict the jackal.
The jackal bites you. x2; The jackal misses you.
You are too injured to fight recklessly!
You release your grip on the jackal.
The jackal attacks as you move away! The jackal bites you.
* * * LOW HITPOINT WARNING * * *
The jackal bites you.
* * * LOW HITPOINT WARNING * * *
The jackal barely misses you. The jackal bites you.
You die...

....).........#
..#.......##..###
..#.............#
............≈≈≈.#
..#.........≈_≈.#####
..#.......#.$≈≈.#...#
# #.......#........(#
#.......#######h..#
...........>..@h..#
###############h..#
#...# #...# #...#
#####


You could see 3 jackals.

Vanquished Creatures
  2 kobolds (D:1)
  A quokka (D:1)
  A frilled lizard (D:1)
  A goblin (D:1)
5 creatures vanquished.

Notes
Turn   | Place    | Note
-------+----------+-------------------------------------------
     0 | D:1      | buhh the Octopode Transmuter began the quest for the Orb.
     0 | D:1      | Reached XP level 1. HP: 13/13 MP: 3/3
   128 | D:1      | Found a faded altar of an unknown god.
   219 | D:1      | Slain by a jackal

Illustrated notes

Levels and vault maps discovered:
D:1:      lightli_arrival_isolated_outpost, layout_rooms,
          hellmonk_ecumenical_altar_pennies_from_heaven

Action                   || total
-------------------------++-------
Melee: Unarmed           ||    11
       Constrict         ||     5
       Kick              ||     3
       Tentacles         ||     1
 Cast: Beastly Appendage ||     4
Armor: Skin              ||     2
Dodge: Dodged            ||    12

Table legend: (Time is in decaauts)
 A = Elapsed time spent in this place.
 B = Non-inter-level travel time spent in this place.
 C = Inter-level travel time spent in this place.
 D = Time resting spent in this place.
 E = Time spent auto-exploring this place.
 F = Levels seen in this place.
 G = Mean time per level.
                   A        B        C        D        E       F      G
               +--------+--------+--------+--------+--------+-----+--------+
         Total |    218 |    218 |      0 |      0 |    179 |   1 |  218.0 |
       Dungeon |    218 |    218 |      0 |      0 |    179 |   1 |  218.0 |
               +--------+--------+--------+--------+--------+-----+--------+

Top non-repeatable levels by time:
     D:1: 218 daAuts
